 Dungeon Crawl Stone Soup version 0.30-a0-672-gc3a7216ad8 (console) character file.

Game seed: 7891473343508367339

132 petzl the Sneak (level 5, -2/39 (41) HPs)
             Began as a Formicid Delver on Jan 18, 2023.
             Slain by a gnoll
             ... wielding a +0 whip
             ... led by a gnoll sergeant
              (8 damage)
             ... on level 9 of the Dungeon.
             The game lasted 00:13:05 (1681 turns).

petzl the Sneak (Formicid Delver)                   Turns: 1681, Time: 00:13:05

HP:   -2/39 (41)    AC:  3    Str: 17    XL:     5   Next: 38%
MP:   9/9           EV: 12    Int: 11    God:
Gold: 86            SH:  0    Dex: 15    Spells: 7/9 levels left

rFire   . . .      SeeInvis +    s - +0 mace (heavy)
rCold   . . .      Faith    .    (no shield)
rNeg    . . .      Spirit   .    b - +0 leather armour
rPois   .          Reflect  .    (helmet unavailable)
rElec   .          Harm     .    (no cloak)
rCorr   .          Rampage  .    (no gloves)
Will    .....                    (no boots)
Stlth   +++                      (no amulet)
HPRegen 0.26/turn                (no ring)
MPRegen 0.11/turn                (no ring)

@: lightly drained
A: permanent stasis, dig shafts and tunnels, antennae 3, four strong arms
a: Dig, Shaft Self


You were on level 9 of the Dungeon.
You visited 1 branch of the dungeon, and saw 7 of its levels.

You collected 86 gold pieces.

Inventory:

Hand Weapons
 s - a +0 heavy mace (weapon)
Missiles
 o - 4 poisoned darts (quivered)
 p - 2 stones
Armour
 b - a +0 leather armour (worn)
Jewellery
 l - a ring of ice
Wands
 a - a wand of paralysis (5)
 f - a wand of acid (2)
 g - a wand of digging (3)
 u - a wand of roots (6)
Scrolls
 c - a scroll of fog
 e - a scroll of fear
 h - a scroll of poison {unknown}
 j - a scroll of enchant weapon {unknown}
 k - a scroll of identify {unknown}
 r - a scroll of brand weapon {unknown}
Potions
 d - a potion of curing {unknown}
 i - a potion of flight {unknown}
 m - 2 potions of brilliance {unknown}
 n - a potion of magic {unknown}
 q - a potion of lignification {unknown}
 t - 2 potions of heal wounds {unknown}


   Skills:
 - Level 3.2 Fighting
 - Level 2.0 Maces & Flails
 - Level 1.7 Dodging
 - Level 6.0 Stealth
 + Level 2.6 Spellcasting
 + Level 2.6 Transmutations
 + Level 3.2 Poison Magic


You had 7 spell levels left.
You knew the following spells:

 Your Spells              Type           Power      Damage    Failure   Level
a - Sting                 Tmut/Pois      28%        1d4       10%         1
b - Apportation           Tloc           2%         N/A       32%         1

Your spell library contained the following spells:

 Spells                   Type           Power      Damage    Failure   Level
 Sandblast                Erth           2%         2d4       32%         1
 Dazzling Flash           Conj/Hex       2%         N/A       69%         3
 Iskenderun's Mystic Bla  Conj/Tloc      1%         2d3       97%         4
 Starburst                Conj/Fire      0%         6d3       100%        6


Dungeon Overview and Level Annotations

Branches:
Dungeon (11/15)               Orc (0/2) D:9
 Temple: D:4-7         Lair: D:8-11

Altars:
Kikubaaqudgha
Sif Muna

Annotations:
D:6 exclusion: bullfrog, Blork the orc
D:8 exclusions: centaur, downstairs, sensed monster (detected) and wolf, Joseph
D:10 exclusion: killer bee
D:11 exclusion: cyclops


Innate Abilities, Weirdness & Mutations

You cannot be hasted, slowed, berserked, paralysed or teleported.
You can dig through walls and to a lower floor.
You have a pair of large antennae on your head. (SInv)
Your four strong arms can wield two-handed weapons with a shield.


Message History

Found a bubbling green potion.
You now have 86 gold pieces (gained 19).
f - a wand of acid (2)
Found 2 murky purple potions.
n - a bubbling green potion
Found a stone staircase leading down.
Found a long glass wand.
t - 2 murky purple potions
Found an escape hatch in the ceiling. 2 gnolls come into view.
There is a stone staircase leading down here.
A gnoll sergeant comes into view. It is wielding a +2 spear of venom.
You see here a wand of roots (6).
u - a wand of roots (6)
The gnoll shouts!
A gnoll comes into view. It is wielding a +0 flail.
There is an escape hatch in the ceiling here.
You closely miss the gnoll.
A gnoll comes into view. It is wielding a +0 flail.
The gnoll hits you with a +0 whip. x2
The gnoll hits you with a +0 whip. A mysterious force pulls you upwards.
The hatch slams shut behind you.
The orc warrior shouts!
The orc shouts! x2
A centaur comes into view.
The orc shouts!
The orc warrior shouts!
Found a helmet.
Found a staircase to the Orcish Mines.
You extend your mandibles.
You dig through the rock wall.
You feel drained.
You retract your mandibles.
You hit the gnoll.
The gnoll is lightly wounded.
The gnoll hits you with a +0 whip! The gnoll completely misses you.
Are you sure you want to shaft yourself?
The orc warrior hits you from afar with a +0 trident!
The gnoll barely misses you.
You begin to dig a shaft.
You continue digging a shaft.
The orc warrior hits you from afar with a +0 trident!
* * * LOW HITPOINT WARNING * * *
The gnoll hits you with a +0 whip!
You die...

#.#. #.# #.#. #.# #.
#(#.#....
#.#.#...........#.
#.#.......oc......
#O#..8...o>....8..
#.#.....o..o..o..#
#O#.#....{oo...[#
#.#.#...{{8.....
#...####.....#
###....###o.#
######....##o#.#
#.........@g.o.#
#.####....###### #O#
#....# #.# #....# #.#
###### #.#######
#..O.{..# #######.#
#.# #.# #O# #.###
#.#.. . #<#.# .P
#.#.# .P.
#.#.##############.PP
#.......... .......
###.##########..#
#.............#


You could see an orc warrior, a gnoll and 3 orcs.

Vanquished Creatures
  A vampire bat (D:8)
  2 howler monkeys (D:8)
  An orc (D:8)
  2 bat skeletons (D:8)
  5 bat zombies (D:8)
  A goblin (D:4)
  5 kobolds
  A ball python (D:4)
18 creatures vanquished.

Notes
Turn   | Place    | Note
-------+----------+-------------------------------------------
     0 | D:5      | petzl the Formicid Delver began the quest for the Orb.
     0 | D:5      | Reached XP level 1. HP: 18/18 MP: 1/1
    40 | D:4      | Found a shimmering blue altar of Sif Muna.
    47 | D:4      | Got Sif Muna's Directory of the Cure
    49 | D:4      | Got Sif Muna's Textbook on Transportation
    51 | D:4      | Got Sif Muna's Precepts of Geomancy
   178 | D:4      | Noticed a necrophage
   212 | D:4      | Reached skill level 1 in Spellcasting
   216 | D:4      | Learned a level 1 spell: Sting
   231 | D:4      | Noticed a scorpion
   233 | D:5      | Noticed an ogre
   245 | D:4      | You fall into a shaft and drop 2 floors!
   297 | D:6      | Noticed a bullfrog
   324 | D:6      | Noticed Blork the orc
   331 | D:6      | Noticed an ogre
   337 | D:6      | You fall into a shaft and drop 2 floors!
   374 | D:9      | Noticed a centaur
   625 | D:8      | Noticed a wolf
   670 | D:8      | Reached XP level 2. HP: 10/24 MP: 3/3
   737 | D:8      | Noticed an acid dragon
   754 | D:8      | Noticed a centaur
   770 | D:8      | Noticed a bullfrog
   835 | D:8      | Noticed a kobold brigand
   837 | D:8      | Noticed a bullfrog
   840 | D:8      | You fall into a shaft and drop 1 floor!
   960 | D:8      | Reached skill level 1 in Poison Magic
   971 | D:8      | Found an ancient bone altar of Kikubaaqudgha.
   972 | D:8      | Noticed a vampire bat
   990 | D:8      | You fall into a shaft and drop 3 floors!
  1044 | D:11     | Learned a level 1 spell: Apportation
  1106 | D:11     | Noticed a cyclops
  1169 | D:10     | Entered Level 10 of the Dungeon
  1242 | D:9      | Noticed a two-headed ogre
  1282 | D:8      | Killed a vampire bat
  1283 | D:8      | Reached skill level 1 in Transmutations
  1283 | D:8      | Reached XP level 3. HP: 17/29 MP: 4/6
  1283 | D:8      | Reached XP level 4. HP: 20/35 MP: 4/7
  1383 | D:8      | Noticed Joseph
  1409 | D:8      | Reached XP level 5. HP: 16/41 MP: 6/9
  1526 | D:8      | You fall into a shaft and drop 1 floor!
  1591 | D:9      | Noticed a hornet
  1596 | D:9      | You fall into a shaft and drop 1 floor!
  1675 | D:9      | Noticed an orc warrior
  1675 | D:9      | Noticed an orc warrior
  1675 | D:9      | Noticed an orc warrior
  1675 | D:9      | Found a staircase to the Orcish Mines.
  1675 | D:9      | Noticed a centaur
  1681 | D:9      | Slain by a gnoll

Illustrated notes

Levels and vault maps discovered:
D:4:      layout_basic, nicolae_sif_muna_little_library, minmay_misc_feat_doors
D:5:      layout_gridville, minmay_temple_entry_proselytizer, uniq_pikel,
          uniq_edmund
D:6:      layout_loops_cross, uniq_blork_the_orc
D:8:      layout_loops_corners, kennysheep_vampire_church, uniq_grum,
          uniq_joseph, uniq_prince_ribbit1
D:9:      layout_basic, due_lair_maze_entry_diamond, david_orc_2
D:10:     layout_irregular_city, lemuel_round_altar, uniq_psyche
D:11:     layout_irregular_city, uniq_sonja, uniq_nergalle, uniq_lodul

Skill      XL: |  1  2  3  4 |
---------------+-------------+-----
Spellcasting   | 1 2 |  2.6
Poison Magic   | 2 3 |  3.2
Transmutations | 1 2 |  2.6
Fighting       | |  3.2
Maces & Flails | |  2.0
Dodging        | |  1.7
Stealth        | |  6.0

Action                   |  1- 3 |  4- 6 || total
-------------------------+-------+-------++-------
Melee: Mace              |    31 |    14 ||    45
       Flail             |    20 |       ||    20
Throw: Stone             |       |     2 ||     2
       Dart              |       |     2 ||     2
 Cast: Sting             |       |     1 ||     1
 Abil: Shaft Self        |     4 |     3 ||     7
       Dig               |     4 |     1 ||     5
  Use: Scroll            |     1 |       ||     1
 Stab: Sleeping          |     2 |       ||     2
Armor: Leather armour    |    44 |     9 ||    53
Dodge: Dodged            |    71 |    17 ||    88

Table legend: (Time is in decaauts)
 A = Elapsed time spent in this place.
 B = Non-inter-level travel time spent in this place.
 C = Inter-level travel time spent in this place.
 D = Time resting spent in this place.
 E = Time spent auto-exploring this place.
 F = Levels seen in this place.
 G = Mean time per level.
                   A        B        C        D        E       F      G
               +--------+--------+--------+--------+--------+-----+--------+
         Total |   1712 |   1709 |      3 |    376 |    182 |   7 |  244.6 |
       Dungeon |   1712 |   1709 |      3 |    376 |    182 |   7 |  244.6 |
               +--------+--------+--------+--------+--------+-----+--------+

Top non-repeatable levels by time:
     D:8: 839 daAuts
     D:9: 270 daAuts
     D:4: 229 daAuts
    D:11: 178 daAuts
     D:6: 91 daAuts
    D:10: 86 daAuts
     D:5: 16 daAuts
